 Dungeon Crawl Stone Soup version 0.30.0-19-g36f170ea60 (webtiles) character file.

Game seed: 12994321422577494229

704 Du3lingdragon the Chopper (level 7, -3/56 (61) HPs)
             Began as a Hill Orc Cinder Acolyte on May 27, 2023.
             Was a High Priest of Ignis.
             Slain by an ogre
             ... wielding a +0 giant spiked club
              (4 damage)
             ... on level 5 of the Dungeon.
             The game lasted 00:08:43 (4594 turns).

Du3lingdragon the Chopper (Hill Orc Cinder Acolyte) Turns: 4594, Time: 00:08:44

HP:   -3/56 (61)    AC: 14    Str: 19    XL:     7   Next: 66%
MP:   5/11          EV:  7    Int: 14    God:    Ignis [*****.]
Gold: 338           SH:  0    Dex:  6    Spells: 10/12 levels left

rFire   + + .        c - +6 trident of Enowah {heavy, *Slow rPois rC+}
rCold   + . .        (no shield)
rNeg    . . .        m - +1 chain mail {rF+}
rPois   +            e - +2 helmet
rElec   .            (no cloak)
rCorr   .            (no gloves)
SInv    .            o - +0 pair of boots
Will    .....        (no amulet) Stlth
                     (no ring)
HPRegen 0.29/turn    (no ring)
MPRegen 0.12/turn

%: slow self (1%)
@: very slightly contaminated, drained
A: no striking features
a: Renounce Religion, Fiery Armour, Foxfire Swarm, Rising Flame


You were on level 5 of the Dungeon.
You worshipped Ignis.
Ignis was extremely pleased with you.
You visited 1 branch of the dungeon, and saw 5 of its levels.

You collected 338 gold pieces.

Inventory:

Hand Weapons
 c - the +6 trident of Enowah (weapon) {heavy, *Slow rPois rC+}
   (You found it on level 3 of the Dungeon)

   rC:        It protects you from cold.
   rPois:     It protects you from poison.
   *Slow:     It may slow you when you take damage.
 d - a +2 whip of electrocution
Armour
 e - a +2 helmet (worn)
 m - a +1 chain mail of fire resistance (worn)
 o - a +0 pair of boots (worn)
 q - a +0 kite shield
Jewellery
 r - a ring of ice
Wands
 l - a wand of roots (13)
Scrolls
 a - 3 scrolls of identify
 b - 2 scrolls of poison
 f - 2 scrolls of fear
 g - 2 scrolls of teleportation {unknown}
 j - 2 scrolls of immolation {unknown}
 k - a scroll of enchant armour {unknown}
 p - a scroll of enchant weapon {unknown}
 v - a scroll of fog {unknown}
 w - a scroll of vulnerability {unknown}
Potions
 h - a potion of resistance {unknown}
 i - a potion of berserk rage {unknown}
 n - a potion of magic
 s - a potion of cancellation {unknown}
 t - a potion of mutation {unknown}
 u - 2 potions of curing


   Skills:
 + Level 5.3 Fighting
 + Level 6.4 Axes
 + Level 3.2 Armour
 * Level 3.0 Spellcasting
 * Level 5.4 Fire Magic


You had 10 spell levels left.
You knew the following spells:

 Your Spells              Type           Power      Damage    Failure   Level
a - Scorch                Fire           34%        2d6       28%         2

Your spell library contained the following spells:

 Spells                   Type           Power      Damage    Failure   Level


Dungeon Overview and Level Annotations

Branches:
Dungeon (5/15)
 Temple: D:4-7

Altars:
Nemelex Xobeh
Xom
Yredelemnul


Message History

No target in view!
Found 4 poisoned darts.
An ogre comes into view. It is wielding a +0 giant spiked club.
The ogre shouts!
You hit the ogre.
The ogre is lightly wounded.
The ogre barely misses you.
You barely miss the ogre.
The ogre is lightly wounded.
The ogre barely misses you.
You barely miss the ogre.
The ogre is lightly wounded.
The ogre hits you with a +0 giant spiked club.
The ogre hits you with a +0 giant spiked club!
You puncture the ogre!
The ogre is heavily wounded.
The ogre hits you with a +0 giant spiked club!!
You are too injured to fight recklessly!
You are too injured to fight recklessly!
Casting: Scorch (dangerous; 28% risk of failure)
Confirm with . or Enter, or press ? or * to list all spells.
You miscast Scorch.
You are very lightly contaminated with residual magic.
Nothing appears to happen.
Casting: Scorch (dangerous; 28% risk of failure)
Confirm with . or Enter, or press ? or * to list all spells.
Flames lash the ogre.
The ogre is severely wounded.
The ogre's fire resistance burns away.
The ogre hits you with a +0 giant spiked club!
Casting: Scorch (dangerous; 28% risk of failure)
Confirm with . or Enter, or press ? or * to list all spells.
Flames lash the ogre.
The ogre is severely wounded.
The ogre hits you with a +0 giant spiked club!
* * * LOW HITPOINT WARNING * * *
You puncture the ogre!
The ogre is almost dead.
The ogre hits you with a +0 giant spiked club.
You die...

.# ##.. .# #..# ###...
'## # .... .....
..#### .####.##..##
#... ..'..#
...<..(.....
.#######... ..##.##..#
#.##..# ..........
..##.....# #.##..#
#........ ####.....#
#.##O.# #......#.
.........# #.##@.#
#........
###..###.####.##..#
#........
###.............?.#
#......#.
..#...............#
+......#.
.....##..#.###.#.###.#
##......#.
..(..#..##.###.#.#
#...........##
...............#.#
#.#########...
........##.###.#.#
#.#.........##
........##.# #.#.#
#...........#


You could see an ogre (combustible).

Vanquished Creatures
  A black bear (D:5)
  A phantom (D:4)
  2 orc priests
  2 hounds
  A gnoll bouda (D:4)
  Terence (D:2)
  3 orc wizards
  Natasha (thrice) (D:3)
  Robin (D:3)
  4 gnolls (D:4)
  5 adders
  An ufetubus (D:4)
  A worm (D:2)
  A dart slug (D:5)
  20 orcs
  3 ball pythons
  4 bats
  7 endoplasms
  3 giant cockroaches (D:4)
  2 hobgoblins
  2 jackals (D:1)
  10 kobolds
  4 quokkas
  A frilled lizard (D:1)
  14 goblins
  7 rats
104 creatures vanquished.

Notes
Turn   | Place    | Note
-------+----------+-------------------------------------------
     0 | D:1      | Du3lingdragon the Hill Orc Cinder Acolyte began the quest
                  | for the Orb.
     0 | D:1      | Reached XP level 1. HP: 19/19 MP: 2/2
   359 | D:1      | Reached XP level 2. HP: 27/27 MP: 3/3
  1005 | D:2      | Learned a level 2 spell: Scorch
  1048 | D:2      | Reached skill level 1 in Armour
  1108 | D:2      | Found a faded altar of an unknown god.
  1350 | D:2      | Noticed Terence
  1363 | D:2      | Killed Terence
  1364 | D:2      | Reached skill level 5 in Axes
  1364 | D:2      | Reached XP level 3. HP: 18/33 MP: 1/4
  1811 | D:2      | Reached XP level 4. HP: 40/40 MP: 5/5
  1899 | D:3      | Found a shimmering altar of Xom.
  1900 | D:3      | Found a shimmering altar of Xom.
  1901 | D:3      | Found a shimmering altar of Xom.
  1902 | D:3      | Found a shimmering altar of Xom.
  1903 | D:3      | Found a shimmering altar of Xom.
  1913 | D:3      | Found a shimmering altar of Xom.
  1953 | D:3      | Identified the +6 trident of Enowah {heavy, *Slow rPois
                  | rC+}
  1997 | D:3      | Noticed Natasha
  2001 | D:3      | Killed Natasha
  2039 | D:3      | Noticed Natasha
  2044 | D:3      | Killed Natasha
  2045 | D:3      | Reached XP level 5. HP: 44/47 MP: 5/7
  2124 | D:3      | Noticed Robin
  2139 | D:3      | HP: 1/47 [goblin/+0 dagger[Robin] (5)]
  2147 | D:3      | Killed Robin
  2434 | D:3      | Noticed Natasha
  2436 | D:3      | Killed Natasha
  2839 | D:4      | Reached XP level 6. HP: 46/53 MP: 7/9
  3347 | D:4      | Found a sparkling altar of Nemelex Xobeh.
  3644 | D:4      | Reached skill level 6 in Axes
  3653 | D:4      | Reached XP level 7. HP: 52/60 MP: 10/10
  3719 | D:4      | Reached skill level 5 in Fighting
  3728 | D:4      | Reached skill level 5 in Fire Magic
  3935 | D:5      | Entered Level 5 of the Dungeon
  4001 | D:5      | Found a basalt altar of Yredelemnul.
  4593 | D:5      | HP: 1/56 [ogre/+0 giant spiked club (17)]
  4594 | D:5      | Slain by an ogre

Illustrated notes

Levels and vault maps discovered:
D:1:      dpeg_arrival_more_subterranean_lakeside_camping, layout_basic,
          serial_forest, infiniplex_forest_straight_4,
          infiniplex_forest_zigzag_1, infiniplex_forest_end_1,
          infiniplex_forest_clump_tiny, infiniplex_forest_clump_long,
          infiniplex_forest_lined_3, infiniplex_forest_end_3,
          infiniplex_forest_lined_2
D:2:      layout_loops_cross, hellmonk_ecumenical_altar_lost_god, uniq_terence
D:3:      layout_loops_ring, xom_redecorated, uniq_robin, uniq_natasha
D:4:      layout_loops_ring, mainiacjoe_overflow_brackets, serial_rivers,
          chequers_serial_rivers_micro_e, chequers_serial_rivers_large_b,
          chequers_serial_rivers_marsh, chequers_serial_rivers_small_3,
          chequers_serial_rivers_small_b, chequers_serial_rivers_micro_c
D:5:      layout_basic, yredelemnul_altar_generic

Skill      XL: |  1  2  3  4  5  6  7 |
---------------+----------------------+-----
Armour         | 1 2 3 |  3.2
Fighting       | 4 5 |  5.3
Axes           | 5 6 |  6.4
Fire Magic     | 4 5 |  5.4
Spellcasting   | 2 3 |  3.0

Action                     |  1- 3 |  4- 6 |  7- 9 || total
---------------------------+-------+-------+-------++-------
  Melee: Hand axe          |    11 |       |       ||    11
         Whip              |    56 |     8 |       ||    64
         Punch             |     1 |     3 |     1 ||     5
         Trident           |       |   120 |    64 ||   184
   Cast: Scorch            |     1 |       |     2 ||     3
    Use: Scroll            |       |     4 |       ||     4
         Potion            |       |     4 |       ||     4
 Armour: Ring mail         |    17 |       |       ||    17
         Chain mail        |     1 |    98 |    59 ||   158
  Dodge: Dodged            |    35 |    45 |    26 ||   106
